Map: Lightshade LE

Players

Nice - Winner!

  • Race: Protoss Protoss

ExpecT

  • Race: Terran Terran

Event: DreamHack SC2 Masters 2021 Fall

VOD

Have the link to the VOD?

Description

Time

  • Played on: Aug. 1, 2021, 7:47 a.m.
  • Length: 10:16

All games in this series

Show
View Real Time Build Order
Export as new Build Order

Nice Protoss - Winner!

Build Orders: 1 Gate Expand, Archon Immortal, Mass Adepts 

Get SALT Encoding   

  12  0:01  Probe  
  13  0:13  Probe  
  14  0:18  Pylon  
  14  0:25  Probe (Chrono Boost)  
  15  0:38  Probe (Chrono Boost)  
  15  0:41  Gateway  
  16  0:44  Probe (Chrono Boost)  
  17  0:51  Assimilator  
  17  0:54  Probe  
  18  1:06  Probe  
  19  1:18  Probe  
  20  1:28  Cybernetics Core  
  20  1:36  Nexus  
  20  1:46  Pylon  
  20  1:50  Assimilator, Probe  
  20  2:00  Pylon  
  20  2:02  Adept (Chrono Boost)  
  20  2:06  Warp Gate  
  22  2:09  Probe  
  23  2:22  Probe  
  24  2:23  Adept (Chrono Boost)  
  26  2:34  Probe  
  26  2:35  Robotics Facility  
  27  2:45  Adept  
  27  2:46  Probe  
  27  2:50  Probe  
  31  3:15  Adept  
  31  3:19  Probe  
  35  3:23  Gateway x2  
  35  3:29  Warp Prism (Chrono Boost)  
  35  3:33  Probe  
  37  3:35  Probe  
  38  3:46  Probe  
  38  3:47  Pylon, Probe  
  40  3:58  Observer (Chrono Boost), Probe  
  43  4:07  Adept  
  43  4:08  Probe  
  45  4:10  Immortal (Chrono Boost)  
  50  4:23  Adept  
  53  4:26  Pylon, Adept  
  53  4:28  Probe  
  54  4:44  Probe x2  
  54  4:55  Adept  
  54  4:56  Adept x2, Probe x2  
  60  5:08  Probe x2  
  62  5:17  Immortal (Chrono Boost)  
  62  5:21  Probe  
  61  5:25  Probe  
  56  5:33  Probe  
  53  5:40  Assimilator  
  54  5:42  Assimilator  
  54  5:43  Stalker x2  
  54  5:44  Stalker  
  54  5:46  Twilight Council  
  54  5:48  Pylon  
  59  5:50  Pylon  
  59  5:51  Pylon  
  59  5:52  Probe  
  59  5:55  Pylon  
  60  6:06  Immortal  
  60  6:09  Stalker x3  
  71  6:21  Charge (Chrono Boost)  
  71  6:23  Gateway  
  71  6:25  Gateway  
  69  6:27  Gateway  
  69  6:29  Gateway  
  69  6:39  Zealot x3  
  71  6:48  Probe  
  60  6:54  Templar Archives  
  60  6:57  Gateway  
  60  7:02  Observer (Chrono Boost)  
  60  7:03  Zealot x3  
  60  7:06  Pylon  
  68  7:16  Shield Battery  
  67  7:24  Nexus  
  67  7:27  Probe x2  
  69  7:30  High Templar  
  69  7:31  High Templar  
  69  7:32  High Templar x2  
  69  7:35  Archon  
  69  7:36  Archon  
  77  7:38  Zealot  
  77  7:39  Zealot  
  81  7:46  Probe x2  
  81  7:51  Pylon  
  83  8:04  High Templar x2  
  83  8:05  Zealot x4  
  95  8:08  Archon  
  95  8:09  Zealot  
  75  8:31  Zealot x6  
  75  8:38  Zealot x2  
  75  8:40  Observer  
  67  8:44  Immortal (Chrono Boost)  
  71  8:54  High Templar x2  
  71  8:58  Probe  
  71  9:01  Probe  
  74  9:12  Shield Battery  
  74  9:13  Warp Prism (Chrono Boost)  
  74  9:14  Archon  
  74  9:15  Sentry  
  74  9:16  Stalker  
  74  9:17  Shield Battery, Stalker  
  81  9:23  Stalker  
  83  9:26  Stalker  
  85  9:37  Sentry x2  
  85  9:38  Zealot x2  
  92  9:54  Stalker x2  
  92  9:55  Stalker  
Show
View Real Time Build Order
Export as new Build Order

ExpecT Terran 

Build Orders:  

Get SALT Encoding   

  12  0:00  SCV  
  13  0:12  SCV  
  14  0:16  Supply Depot  
  14  0:24  SCV  
  15  0:38  SCV  
  15  0:39  Barracks  
  16  0:45  Refinery  
  16  0:53  SCV  
  17  1:05  SCV  
  18  1:17  SCV  
  19  1:28  Marine  
  19  1:30  Orbital Command  
  20  1:44  Command Center  
  20  1:55  Factory  
  20  1:59  SCV  
  21  2:10  Supply Depot  
  21  2:11  Barracks Reactor  
  21  2:12  SCV  
  22  2:24  SCV  
  22  2:25  Bunker  
  23  2:30  Refinery  
  23  2:36  SCV  
  24  2:42  Widow Mine  
  26  2:48  SCV  
  26  2:50  Marine x2  
  29  2:51  Starport  
  29  3:00  SCV  
  28  3:08  Marine x2  
  30  3:18  SCV  
  29  3:25  Marine  
  29  3:26  Marine  
  31  3:36  Supply Depot  
  31  3:37  Medivac  
  31  3:40  Widow Mine  
  35  3:41  SCV  
  35  3:47  Orbital Command  
  36  3:53  Marine x2  
  36  3:55  SCV  
  38  4:01  Factory Tech Lab  
  38  4:07  SCV  
  38  4:12  Marine x2  
  38  4:14  Starport Tech Lab  
  38  4:15  SCV  
  41  4:19  SCV  
  41  4:23  Siege Tank  
  45  4:27  SCV  
  45  4:30  Marine x2  
  48  4:31  SCV  
  48  4:36  Barracks  
  46  4:50  Marine  
  44  4:53  Viking  
  44  4:54  SCV  
  46  5:04  SCV  
  46  5:06  SCV  
  47  5:12  Marine x2  
  49  5:16  SCV  
  49  5:18  SCV  
  42  5:28  SCV  
  42  5:31  SCV, Siege Tank  
  42  5:40  SCV  
  43  5:43  SCV  
  43  5:44  Marine x2  
  46  5:52  SCV  
  46  5:55  SCV  
  48  5:58  Marine  
  48  6:03  Marine x2  
  47  6:04  SCV  
  47  6:07  SCV  
  47  6:09  Supply Depot, Siege Tank  
  52  6:17  SCV  
  53  6:19  SCV  
  53  6:21  Stimpack  
  54  6:30  Marine x3  
  54  6:31  SCV x2  
  58  6:45  SCV x2  
  52  6:48  Marine x2  
  52  6:51  Marine  
  47  6:56  Siege Tank  
  47  6:57  SCV  
  47  6:59  SCV  
  52  7:04  Barracks  
  52  7:06  Marine x2  
  54  7:09  SCV  
  54  7:11  Marine, SCV  
  54  7:12  Starport Reactor  
  57  7:19  Supply Depot, Engineering Bay  
  57  7:21  SCV  
  58  7:23  SCV  
  58  7:24  Marine x2  
  58  7:29  Supply Depot  
  61  7:34  SCV  
  62  7:40  SCV  
  62  7:42  Supply Depot  
  66  7:46  SCV  
  66  7:49  Marine  
  66  7:50  Marauder  
  66  7:51  Marine, Medivac  
  73  7:52  SCV  
  73  7:53  Barracks Tech Lab  
  73  7:58  SCV  
  72  8:01  Refinery  
  72  8:02  Refinery  
  72  8:03  Factory Reactor  
  72  8:04  SCV, Combat Shield  
  72  8:05  Supply Depot  
  73  8:10  SCV  
  73  8:12  Concussive Shells  
  74  8:17  SCV  
  75  8:22  SCV  
  60  8:29  SCV  
  60  8:32  Marine x2  
  60  8:33  Marauder  
  51  8:34  SCV  
  51  8:41  SCV  
  45  8:44  Marine, Orbital Command  
  45  8:46  SCV  
  42  8:53  Marine x2  
  42  8:54  Marauder  
  40  9:02  Marauder  
  46  9:03  Widow Mine x2  
  46  9:10  SCV  
  46  9:11  Marine x2  
  46  9:15  SCV  
  50  9:22  SCV, Marauder  
  50  9:23  Marine  
  54  9:27  SCV  
  54  9:28  Marine  
  54  9:29  Widow Mine x2  
  60  9:39  SCV x2  
  60  9:44  Marine, Marauder x2  
  67  9:46  Marine  
  67  9:51  SCV x2  
  74  10:03  SCV  
  74  10:04  SCV  

Tags
 
Add a new tag
Caveats
  • Supply blocks, unpowered buildings, or Contaminate may cause inaccurate times.
  • Supply counts are checked every 10 seconds.